 Dungeon Crawl Stone Soup version 0.31.0-32-g396128a36d (webtiles) character file.

Game seed: 17308453670564119668

2463910 Mesmaeker13 the Marid (level 27, 205/205 HPs)
             Began as a Djinni Hedge Wizard on Apr 16, 2024.
             Was an Elder of Ashenzari.
             Escaped with the Orb
             ... and 4 runes on Apr 17, 2024!
             The game lasted 04:36:03 (63969 turns).

Mesmaeker13 the Marid (Djinni Hedge Wizard)        Turns: 63969, Time: 04:36:03

Health: 205/205    AC: 24    Str: 13    XL:     27
Gold:   7914       EV: 22    Int: 26    God:    Ashenzari [****..] SH: 16 Dex: 11

rFire   + + +        T - staff of Xunirop {rElec rPois Dex-4 Hexes Air}
rCold   + . .        K - +3 kite shield of Curses and Power {rC+, Sorc, Self} (curse)
rNeg    . . .        M - quicksilver dragon scales
rPois   ∞            Q - +2 helmet "Fanaticism of Ashenzari" {Comp, Fort} (curse)
rElec   +            r - scarf of the Shattered Portent {rC+ rF+, Range, Melee} (curse)
rCorr   +            s - +2 pair of gloves "Eternal Vision" {Stlth+, Elem, Cun} (curse)
SInv    +            (boots unavailable)
Will    +++..        q - amulet "Tethered Anxiety" {Regen+, Bglg, Sorc} (curse)
Stlth   ++++         I - ring "Share My Malaise" {EV+5, Comp, Dev} (curse)
HPRegen 1.34/turn    d - ring of resist corrosion
MPRegen 0.00/turn

%: clarity
@: flying, studying 3 skills
A: sickness immunity, fire resistance 2, cold vulnerability 1, float, innate
caster, HP casting, extra vitality 1, claws 2, camouflage 1, clarity, strong 1
0: Orb of Zot
}: 4/15 runes: decaying, slimy, silver, gossamer
a: Renounce Religion, Curse Item, Shatter the Chains


You escaped.
You worshipped Ashenzari.
Ashenzari was greatly pleased with you.
You visited 11 branches of the dungeon, and saw 53 of its levels.
You also visited: Trove, Sewer, Gauntlet, Ice Cave and Wizlab.

You collected 8968 gold pieces.
You spent 1054 gold pieces at shops.

Inventory:

Hand Weapons
 e - the +6 rapier of Accidental Termination {heavy, rF+ rCorr}
   (You took it off a spriggan druid on level 1 of the Swamp)

   rF+:       It protects you from fire.
   rCorr:     It protects you from acid and corrosion.
Missiles
 C - 5 throwing nets
 G - 13 curare-tipped darts (quivered)
Armour
 c - a +0 kite shield of reflection
 r - the cursed scarf of the Shattered Portent (worn) {rC+ rF+, Range, Melee}
   (You found it on level 4 of the Spider Nest)

   It has a curse which improves the following skills: Ranged Combat: Ranged
   Weapons and Throwing.
   Melee Combat: Short Blades, Long Blades, Axes, Maces & Flails, Polearms,
   Staves and Unarmed Combat.
 s - the cursed +2 pair of gloves "Eternal Vision" (worn) {Stlth+, Elem, Cun}
   (You found it on level 4 of the Spider Nest)

   It has a curse which improves the following skills: Elements: Fire Magic, Ice
   Magic, Air Magic and Earth Magic.
   Cunning:   Dodging and Stealth.
 K - the cursed +3 kite shield of Curses and Power (worn) {rC+, Sorc, Self}
   (You took it off a tengu warrior on level 15 of the Dungeon)

   It has a curse which improves the following skills: Sorcery: Conjurations and
   Alchemy.
   Introspection: Fighting and Spellcasting.
 M - quicksilver dragon scales (worn)
 O - a +2 robe of the Archmagi
 Q - the cursed +2 helmet "Fanaticism of Ashenzari" (worn) {Comp, Fort}
   (You found it on level 2 of the Spider Nest)

   It has a curse which improves the following skills: Companions: Summonings
   and Necromancy.
   Fortitude: Armour and Shields.
 V - the orb of the Armadillo {*channel, Regen+ rCorr Tloc Alchemy}
   (You took it off Frederick on level 4 of the Vaults)

   Regen+:    It increases your rate of health regeneration.
   rCorr:     It protects you from acid and corrosion.
   Tloc:      It increases the power of your Translocations spells.
   Alchemy:   It increases the power of your Alchemy spells.
Magical Staves
 T - the staff of Xunirop (weapon) {rElec rPois Dex-4 Hexes Air}
   (You found it on level 3 of the Elven Halls)

   [staff of air]

   Base accuracy: +5 Base damage: 5 Base attack delay: 1.2 This weapon's minimum
   attack delay (0.6) is reached at skill level 12.
   Dex-4:     It affects your dexterity (-4).
   rElec:     It insulates you from electricity.
   rPois:     It protects you from poison Hexes: It increases the power of your
   Hexes spells.
   Air:       It increases the power of your Air spells.
   It falls into the 'Staves' category.
   It is a one-handed weapon.
Jewellery
 d - a ring of resist corrosion (right hand)
 h - the ring "Qoemita" {rPois rC+ Will+ Str+2 Int+4}
   (You found it in a treasure trove)

   [ring of protection from cold]

   Str+2:     It affects your strength (+2).
   Int+4:     It affects your intelligence (+4).
   rC+:       It protects you from cold.
   rPois:     It protects you from poison Will+: It increases your willpower.
 n - the ring of Xeps {Fire rPois Will+ SInv}
   (You found it in a treasure trove)

   [ring of fire]

   Fire:      It enhances your fire magic.
   rF+:       It protects you from fire.
   rC-:       It makes you vulnerable to cold.
   rPois:     It protects you from poison Will+: It increases your willpower.
   SInv:      It lets you see invisible.
 q - the cursed amulet "Tethered Anxiety" (around neck) {Regen+, Bglg, Sorc}
   (You found it on level 2 of the Dungeon)

   [amulet of regeneration]

   Regen+:    It increases your rate of health regeneration.
   It has a curse which improves the following skills: Beguiling: Hexes and
   Translocations.
   Sorcery:   Conjurations and Alchemy.
 z - the ring of Lugonu's Castigation {Fly rElec rC- rCorr EV+5}
   (You found it on level 5 of the Pits of Slime)

   [ring of evasion]

   EV+5:      It affects your evasion (+5).
   rC-:       It makes you vulnerable to cold.
   rElec:     It insulates you from electricity.
   Fly:       It grants you flight.
   rCorr:     It protects you from acid and corrosion.
 I - the cursed ring "Share My Malaise" (left hand) {EV+5, Comp, Dev}
   (You found it on level 8 of the Dungeon)

   [ring of evasion]

   EV+5:      It affects your evasion (+5).
   It has a curse which improves the following skills: Companions: Summonings
   and Necromancy.
   Devices:   Evocations and Shapeshifting.
Wands
 x - a wand of digging (13)
 H - a wand of quicksilver (15)
Scrolls
 b - a scroll of brand weapon
 f - 4 scrolls of vulnerability
 k - 7 scrolls of enchant armour
 l - 3 scrolls of blinking
 o - 8 scrolls of fog
 v - a scroll of revelation
 y - 4 scrolls of butterflies
 B - 3 scrolls of immolation
 F - 9 scrolls of teleportation
 L - 6 scrolls of torment
 N - 2 scrolls of silence
 R - 5 scrolls of enchant weapon
 U - 11 scrolls of fear
Potions
 a - 13 potions of lignification
 g - 8 potions of brilliance
 i - 3 potions of haste
 j - 9 potions of curing
 m - 6 potions of enlightenment
 p - 4 potions of cancellation
 u - 7 potions of might
 w - 17 potions of ambrosia
 A - 7 potions of heal wounds
 D - 2 potions of invisibility
 E - 5 potions of magic
 P - 6 potions of resistance
 S - 4 potions of mutation
 X - a potion of berserk rage
Miscellaneous
 t - a tin of tremorstones (2/2)
 W - a phantom mirror


   Skills:
 - Level 18.5(20.1) Fighting
 - Level 17.9(19.5) Armour
 + Level 20.4(21.9) Dodging
 + Level 22.8(24.4) Stealth
 - Level 15.0(16.7) Shields
 + Level 23.4(24.9) Spellcasting
 + Level 23.4(25.7) Conjurations
 + Level 23.4(24.9) Hexes
 + Level 23.4(25.7) Summonings
 + Level 23.4(25.7) Necromancy
 + Level 23.4(24.9) Translocations
 + Level 23.4(24.9) Fire Magic
 O Level 27 Ice Magic
 + Level 23.4(24.9) Air Magic
 + Level 23.4(24.9) Earth Magic
 + Level 23.4(25.7) Alchemy


You knew the following spells:

 Your Spells              Type           Power      Damage    Failure   Level
a - Magic Dart            Conj           100%       1d8       0%          1
b - Slow                  Hex            100%       N/A       0%          1
c - Blink                 Tloc           100%       N/A       0%          2
d - Call Imp              Summ           100%       N/A       0%          2
e - Mephitic Cloud        Conj/Alch/Air  100%       N/A       0%          3
f - Foxfire               Conj/Fire      100%       2x1d9     0%          1
g - Scorch                Fire           100%       2d9       0%          2
h - Confusing Touch       Hex            100%       N/A       0%          3
i - Summon Lightning Spi  Summ/Air       100%       N/A       0%          4
j - Curse of Agony        Necr           100%       N/A       0%          5
k - Lee's Rapid Deconstr  Erth           52%        3d24*     0%          5
l - Plasma Beam           Fire/Air       63%        2x1d79    0%          6
m - Summon Hydra          Summ           52%        N/A       1%          7
n - Eringya's Noxious Bo  Alch           52%        4d6       0%          6
o - Malign Gateway        Summ/Tloc      52%        N/A       1%          7
p - Spellforged Servitor  Conj/Summ      52%        N/A       1%          7
q - Maxwell's Capacitive  Air            63%        ∞         1%          8
r - Death's Door          Necr           52%        N/A       7%          9
Your spell library was empty.

Dungeon Overview and Level Annotations

Branches:
Dungeon (15/15)            Temple (1/1) D:4            Lair (5/5) D:8
  Swamp (4/4) Lair:2       Spider (4/4) Lair:2        Slime (5/5) Lair:4
    Orc (2/2) D:12            Elf (3/3) Orc:2        Vaults (5/5) D:13
  Crypt (0/3) Vaults:2     Depths (4/4) D:15            Zot (5/5) Depths:4
  Sewer (visited)           IceCv (visited)          WizLab (visited)
Gauntlet (visited)

Altars:
Ashenzari
Cheibriados
Dithmenos
Elyvilon
Fedhas
Gozag
Hepliaklqana
Makhleb
Nemelex Xobeh
Okawaru
Qazlal
Ru
Trog
Uskayaw
Wu Jian
Xom
Yredelemnul
Zin
The Shining One
Jiyva
Lugonu

Shops:
D:5 ?   D:7 !   D:11 [[[   D:12 *   Orc:2 ?(=   Elf:3 [   Vaults:2 *
Vaults:3 !   Vaults:4 ??(   Vaults:5 [   Depths:2 !

Portals:
Hell: Depths:1 Depths:2 Depths:3 Depths:4
Abyss: D:9 Depths:1 Depths:2 Depths:3
Pandemonium: Depths:2 Depths:3
Ziggurat: Depths:4

Annotations:
Swamp:1 3 runed translucent doors, diceflayer's ghost, journeyman MiFi
Spider:4 4 exclusions
Orc:2 10 exclusions
Zot:1 2 transporters, phunky83's ghost, veteran MiBe
Zot:3 3 runed translucent doors, Endy73's ghost, veteran TrSh


Innate Abilities, Weirdness & Mutations

You are immune to sickness and miasma.
You are immune to poison.
Your flesh is very heat resistant. (rF++)
You are vulnerable to cold. (rC-)
You float through the air rather than walking.
You learn spells naturally, not from books.
Your magical power is your life essence.
You have superior vitality. (+4 MHP)
You have very sharp fingernails.
Your skin changes colour to match your surroundings (Stealth+).
You possess an exceptional clarity of mind.
Your muscles are strong. (Str +4, Int/Dex -1)


Message History

This square is covered in magical glow.
The rock shatters into small pieces.
There is a stone staircase leading up here.
You fly upwards.
There is a stone staircase leading down here.
You see here a book of Frost.
You see here 3 stones.
You see here 6 stones.
A demonspawn corrupter and a shadow demon come into view.
Casting: Summon Hydra (mildly dangerous; 1% risk of failure)
Confirm with . or Enter, or press ? or * to list all spells.
The dungeon shakes, a horrible noise fills the air, and a portal to some otherworldly place is opened!
Unknown command.
Casting: Malign Gateway (mildly dangerous; 1% risk of failure)
Confirm with . or Enter, or press ? or * to list all spells.
Casting: Plasma Beam (safe; 0% risk of failure)
Press: ? - help, Dir - look around, f - activate You feel a surge of power!
The bolt of lightning hits the shadow demon!!
The shadow demon is heavily wounded.
The bolt of lightning hits the demonspawn corrupter!!!
The demonspawn corrupter is severely wounded.
The fiery plasma misses the shadow demon.
The fiery plasma hits the demonspawn corrupter!!!
You kill the demonspawn corrupter!
The shadow demon gestures.
Casting: Plasma Beam (safe; 0% risk of failure)
Confirm with . or Enter, or press ? or * to list all spells.
Casting: Plasma Beam (safe; 0% risk of failure)
Press: ? - help, Dir - look around, f - activate You feel a surge of power!
The bolt of lightning hits the shadow demon!!
The shadow demon is almost dead.
The fiery plasma hits the shadow demon!!
You kill the shadow demon!
The hobgoblin dissolves into shadows!
Things that are here:
a +0 dire flail; a +0 plate armour
There is a staircase leading out of the dungeon here.
You have escaped!

#.## ##...# #..# ###.#
##.### #.# #...#
########.########
###.#
#≈§≈≈≈≈≈.≈≈≈≈≈≈≈# #.##
#§≈≈≈≈.....§≈≈§§# #..#
#≈≈....~~~....§§#
##.###≈...~~~.~~~..§§#
#....§§§~~~.@..~~..§#
#####§...~~~.~~~.§§≈#
#§§....~§~...§≈§#
#§§≈≈≈§§§..≈≈§≈§#
#≈§≈§§§§≈§≈≈§§≈§#
#################


There were no monsters in sight!

Vanquished Creatures
  A dread lich (Vaults:5)
  2 ancient liches (Zot:5)
  An orb of fire (Zot:5)
  2 Killer Klowns
  3 caustic shrikes
  Jory (Vaults:4)
  5 golden dragons
  Arachne (Spider:3)
  A bone dragon (Depths:4)
  2 electric golems (Zot:5)
  An Ice Fiend (Depths:2)
  A walking crystal tome (Depths:2)
  2 deep elf blademasters (Elf:3)
  A lich (Depths:3)
  A walking earthen tome (Depths:2)
  Asterion (Spider:3)
  8 tentacled monstrosities
  20 Orb Guardians
  3 deep elf master archers (Elf:3)
  4 quicksilver dragons
  13 acid blobs
  Gastronok (Lair:3)
  3 sphinxes
  5 titans
  2 death cobs
  13 tengu reavers
  11 shadow dragons
  A thorn hunter (Swamp:4)
  5 storm dragons
  4 azure jellies
  Donald (Spider:2)
  A rockslime (Slime:5)
  6 frost giants
  4 draconian knights
  A draconian shifter (Zot:1)
  9 fire giants
  2 iron dragons
  A deep elf elementalist (Elf:1)
  12 deep elf sorcerers
  Louise (Spider:3)
  6 draconian monks
  3 draconian scorchers
  An emperor scorpion (Zot:2)
  11 vault wardens
  A demonspawn corrupter (D:1)
  7 ghost moths
  An orc warlord (Vaults:2)
  2 balrugs (Depths:2)
  4 draconian annihilators
  3 stone giants
  A reaper (Depths:2)
  A draconian stormcaller (Zot:3)
  3 cacodemons
  A broodmother (Spider:3)
  3 formless jellyfish
  8 very ugly things
  The ghost of LLlMATKO the Cleaver, a journeyman MiBe of Trog (Orc:2)
  7 quicksilver oozes
  4 ironbound preservers
  4 green draconians
  5 ironbound thunderhulks
  2 deep elf demonologists
  9 black draconians
  2 dire elephants
  2 eleionomae
  6 red draconians
  11 spark wasps
  10 purple draconians
  4 deep elf death magi
  7 yellow draconians
  6 white draconians
  2 war gargoyles (Vaults:5)
  8 deep elf annihilators
  2 lorocyprocas
  2 blizzard demons (Depths:2)
  7 statues (WizLab)
  10 ettins
  2 shambling mangroves (Swamp:4)
  An entropy weaver (shapeshifter) (Vaults:4)
  4 entropy weavers
  2 fire dragons
  3 deep elf high priests (Elf:3)
  9 yaktaur captains
  4 rakshasas
  7 ice dragons
  5 great orbs of eyes
  A peacekeeper (Vaults:2)
  13 hydras
  3 radroaches
  29 vault guards
  A merfolk avatar (Lair:5)
  2 hell beasts
  3 ironbound frosthearts (Vaults:1)
  4 alligators
  An alligator (shapeshifter) (Vaults:5)
  6 ghost crabs (Swamp:1)
  3 centaur warriors
  Erica (Lair:1)
  3 ogre magi (Vaults:5)
  A two-headed ogre (D:10)
  4 spriggan air magi (Depths:2)
  3 boulder beetles
  2 death yaks (Lair:4)
  10 dancing weapons
  5 tengu warriors
  A torpor snail (shapeshifter) (Vaults:4)
  4 deep troll earth magi
  5 deep troll shamans
  3 occultists
  5 demonic crawlers
  4 orc high priests (Orc:2)
  A hell knight (Depths:3)
  A spriggan berserker (Depths:2)
  12 deep elf knights
  3 skeletal warriors (D:13)
  2 skysharks (Lair:5)
  3 iron trolls
  A nameless horror (Swamp:4)
  2 flayed ghosts
  3 arcanists
  3 shadow demons
  2 sixfirhies
  A bog body (Swamp:1)
  3 goliath frogs
  9 spriggan druids
  3 swamp dragons
  27 deep trolls
  A sea snake (Lair:5)
  4 orb spiders
  Pikel (D:8)
  4 deep elf archers (Elf:3)
  14 ironbound convokers
  4 lindwurms
  2 steelbarb worms
  2 mana vipers (shapeshifter)
  2 harpies (Vaults:2)
  4 phantasmal warriors
  2 sun moths
  4 large abominations (Depths:2)
  16 deep elf pyromancers
  16 deep elf zephyrmancers
  A necromancer (Depths:3)
  8 orc knights
  8 wolf spiders
  17 ugly things
  5 shining eyes
  A cyclops (D:15)
  2 orc sorcerers (Orc:2)
  3 will-o-the-wisps
  20 moths of wrath
  A manticore (shapeshifter) (Vaults:5)
  14 elephants
  9 meliai
  An ice statue (IceCv)
  A kobold blastminer (Orc:1)
  11 vault sentinels
  Joseph (D:8)
  4 apocalypse crabs (Swamp:1)
  4 black mambas
  A cane toad (shapeshifter) (D:15)
  4 torpor snails
  A kobold demonologist (D:14)
  A hellion (Depths:4)
  2 cane toads
  An unseen horror (Depths:2)
  12 yaktaurs
  4 rime drakes
  A freezing wraith (Vaults:2)
  3 komodo dragons
  8 tengu conjurers
  A guardian mummy (Depths:2)
  A hellwing (Zot:3)
  2 trolls
  2 bloated husks
  16 tarantellas
  A queen bee (Spider:4)
  A hornet (shapeshifter) (Depths:4)
  5 tyrant leeches
  A blink frog (shapeshifter) (Vaults:4)
  12 blink frogs
  7 hornets
  56 slime creatures
  6 dream sheep (Lair:5)
  Sigmund (D:2)
  7 jumping spiders
  4 spriggans
  11 culicivoras
  A slime creature (shapeshifter) (Vaults:5)
  5 water elementals
  20 yaks
  A fire elemental (Elf:2)
  9 wargs
  A human (Zot:3)
  4 vampire mosquitoes
  7 golden eyes (Slime:4)
  2 steam dragons
  3 chaos spawn (Depths:2)
  2 small abominations (Depths:2)
  29 redbacks
  4 swamp worms
  Pargi (Sewer)
  6 water moccasins
  6 orc warriors
  A swamp worm (shapeshifter) (Vaults:5)
  3 sky beasts
  2 black bears
  5 ice beasts
  3 swamp drakes (Swamp:4)
  4 centaurs
  A tengu (shapeshifter) (Vaults:4)
  6 boggarts
  3 wolves (Lair:3)
  4 ogres
  A phantom (D:5)
  7 bullfrogs
  2 earth elementals (Elf:2)
  2 gnoll sergeants
  2 scorpions
  2 wights (D:7)
  10 killer bees
  5 electric eels
  2 howler monkeys
  5 jellies
  9 orc priests
  A bombardier beetle (D:5)
  3 hounds
  2 iguanas
  Terence (D:2)
  A gnoll bouda (D:4)
  15 orc wizards
  2 hell rats (Lair:5)
  A spriggan simulacrum (IceCv)
  A troll simulacrum (IceCv)
  A boggart simulacrum (Gauntlet)
  Robin (D:3)
  13 gnolls
  5 adders
  A white imp (D:7)
  2 dart slugs
  5 ribbon worms
  35 orcs
  5 ball pythons
  5 endoplasms
  4 giant cockroaches
  14 goblins
  5 hobgoblins
  4 jackals (Sewer)
  6 quokkas
  5 bats
  A frilled lizard (D:1)
  18 kobolds
  10 rats
1260 creatures vanquished.

Vanquished Creatures (collateral kills)
  the Royal Jelly (Slime:5)
  Frederick (Vaults:4)
  2 ancient liches
  2 dread liches (Zot:5)
  An orb of fire (Zot:5)
  Mara (Depths:1)
  Sojobo (Depths:4)
  A royal mummy (Depths:2)
  Boris (Depths:3)
  10 Killer Klowns
  The ghost of royokou the Executioner, a veteran MiFi of Makhleb (Vaults:4)
  A curse toe (Zot:5)
  A caustic shrike (Depths:4)
  Margery (Vaults:4)
  7 golden dragons
  A hellephant (Vaults:4)
  A walking earthen tome (Depths:2)
  12 tentacled monstrosities
  A deep elf blademaster (Elf:3)
  A lich (Vaults:5)
  5 Orb Guardians (Zot:5)
  2 walking crystal tomes
  5 sphinxes
  2 deep elf master archers (Elf:2)
  11 acid blobs
  2 quicksilver dragons
  An eldritch tentacle (Zot:3)
  6 death cobs
  3 shadow dragons
  8 storm dragons
  4 tengu reavers
  A draconian monk (Zot:3)
  4 fire giants
  9 rockslimes
  7 azure jellies
  8 vault wardens
  A fenstrider witch (Swamp:4)
  A draconian knight (Zot:3)
  An iron dragon (Vaults:5)
  5 draconian scorchers
  4 frost giants
  3 deep elf elementalists (Elf:3)
  An orc warlord (Vaults:1)
  2 draconian stormcallers
  A reaper (IceCv)
  10 very ugly things
  The ghost of Wairalebb the Basher, a journeyman BaFi of Cheibriados (Lair:4)
  9 ironbound preservers
  7 formless jellyfish (Slime:1)
  A vampire knight (Depths:3)
  A demonspawn blood saint (Zot:4)
  6 quicksilver oozes
  3 draconian annihilators
  6 ironbound thunderhulks
  4 stone giants
  The ghost of Lutiheq the Grappler, a journeyman DrSh of Wu Jian (Lair:4)
  A deep elf demonologist (Vaults:5)
  A minotaur (Gauntlet)
  The ghost of MrCrawl the Geomancer, a journeyman GrEE of Gozag (Lair:4)
  An eleionoma (Swamp:4)
  A lorocyproca (Depths:2)
  6 white draconians
  2 green draconians (Zot:1)
  3 yellow draconians
  A war gargoyle (Vaults:2)
  5 black draconians
  12 spark wasps
  9 dire elephants
  8 red draconians
  10 purple draconians
  2 bunyips
  2 crystal guardians (Vaults:2)
  A jiangshi (Vaults:2)
  A mummy priest (Depths:2)
  2 ettins
  Josephine (D:10)
  A shambling mangrove (Swamp:4)
  5 fire dragons
  A peacekeeper (Vaults:2)
  Erolcha (Orc:1)
  An entropy weaver (Vaults:1)
  Fannar (Lair:1)
  2 yaktaur captains
  6 great orbs of eyes
  3 ice dragons
  3 spriggan air magi (Depths:2)
  16 hydras
  A jorogumo (Spider:4)
  A ghost crab (Swamp:1)
  7 vault guards
  A centaur warrior (D:13)
  2 radroaches
  6 alligators
  3 ironbound frosthearts
  8 dancing weapons
  2 boulder beetles
  A death knight (Vaults:2)
  2 two-headed ogres
  3 demonic crawlers
  3 death scarabs
  A vampire mage (Depths:1)
  Urug (Lair:3)
  5 deep troll shamans
  An orc high priest (Orc:2)
  4 tengu warriors
  3 deep troll earth magi
  3 death yaks (Lair:4)
  An occultist (Depths:3)
  A spriggan berserker (Depths:4)
  6 deep elf knights
  7 hell knights
  2 sun demons (D:3)
  2 skysharks (Lair:5)
  4 iron trolls
  A spriggan druid (Swamp:4)
  A pharaoh ant (Spider:4)
  2 glowing orange brains
  5 orb spiders
  4 lindwurms
  2 arcanists
  An orb spider (shapeshifter) (Vaults:3)
  4 deep elf archers
  23 deep trolls
  3 harpies
  9 deep elf pyromancers
  4 large abominations (Depths:2)
  3 necromancers
  6 steelbarb worms
  8 bog bodies
  2 orc knights
  2 phantasmal warriors
  6 swamp dragons
  8 wolf spiders
  7 ironbound convokers
  10 deep elf zephyrmancers
  21 ugly things
  2 manticores
  2 shining eyes
  A will-o-the-wisp (Swamp:1)
  5 cyclopes
  4 orc sorcerers (Orc:2)
  6 black mambas
  6 moths of wrath
  A guardian serpent (shapeshifter) (Vaults:4)
  A kobold blastminer (Orc:1)
  3 torpor snails
  2 eyes of devastation
  2 stone giant skeletons (Vaults:2)
  12 elephants
  9 cane toads
  12 vault sentinels
  3 rime drakes
  A rime drake (shapeshifter) (Elf:3)
  A freezing wraith (IceCv)
  7 komodo dragons
  7 ice devils (IceCv)
  11 yaktaurs
  An anaconda simulacrum (IceCv)
  15 tengu conjurers
  A bloated husk (Swamp:1)
  4 polar bears
  8 trolls
  10 tarantellas
  9 hornets
  15 blink frogs
  A blink frog (shapeshifter) (Elf:3)
  6 tyrant leeches
  2 glass eyes
  4 dream sheep (Lair:5)
  A fire giant simulacrum (Vaults:2)
  A human simulacrum (Vaults:2)
  A spectral dream sheep (Gauntlet)
  3 snapping turtles (Lair:5)
  10 culicivoras
  5 wraiths
  15 jumping spiders
  63 slime creatures
  2 centaur simulacra (Gauntlet)
  A yak (shapeshifter) (Vaults:4)
  4 wyverns
  A water elemental (D:14)
  A hog (shapeshifter) (Vaults:4)
  8 spriggans
  A dire elephant simulacrum (IceCv)
  5 golden eyes (Slime:4)
  40 yaks
  6 humans (Zot:3)
  3 basilisks
  36 redbacks
  3 steam dragons
  A fire elemental (Depths:1)
  6 wargs (Orc:2)
  9 vampire mosquitoes
  A small abomination (Depths:2)
  7 swamp worms
  3 acid dragons
  Duvessa (D:7)
  11 water moccasins
  4 swamp drakes (Swamp:4)
  4 ice beasts
  10 orc warriors
  A black bear (D:8)
  An ice dragon simulacrum (Gauntlet)
  An ettin simulacrum (Vaults:2)
  An ogre (Orc:1)
  12 wolves
  6 boggarts
  A lemure (D:8)
  5 kobold brigands
  3 bullfrogs
  2 two-headed ogre simulacra (IceCv)
  3 scorpions (Lair:2)
  13 wights
  3 cane toad simulacra (IceCv)
  Dowan (D:7)
  2 hornet simulacra
  An elephant simulacrum (IceCv)
  9 killer bees
  2 jellies (Lair:4)
  9 orc priests
  A gnoll bouda (D:7)
  A sleepcap (D:8)
  10 orc wizards
  2 troll simulacra (IceCv)
  3 spriggan simulacra (IceCv)
  3 hell rats (Lair:5)
  2 polar bear simulacra (IceCv)
  12 gnolls
  A naga simulacrum (IceCv)
  A white imp (IceCv)
  An ufetubus (IceCv)
  A dart slug (Vaults:1)
  2 ribbon worms (Lair:2)
  30 orcs
  A giant cockroach (Lair:2)
  15 kobolds
  A foxfire (Lair:5)
1121 creatures vanquished.

Vanquished Creatures (others)
  A Killer Klown (Zot:5)
  An acid blob (Slime:5)
  130 eldritch tentacles
  A tengu reaver (Depths:3)
  A vault warden (Vaults:5)
  A fire giant (Depths:3)
  A draconian scorcher (Zot:3)
  An ironbound preserver (Vaults:4)
  A black draconian (Zot:1)
  A green draconian (Zot:3)
  A white draconian (Depths:4)
  A vault guard (Vaults:5)
  A deep troll shaman (Depths:4)
  2 deep trolls
  2 orc knights
  2 bloated husks
  A slime creature (Vaults:3)
  A boggart (Vaults:2)
  174 foxfires
  A lurking horror (D:9)
325 creatures vanquished.

Grand Total: 2706 creatures vanquished

Notes
Turn   | Place    | Note
-------+----------+-------------------------------------------
     0 | D:1      | Mesmaeker13 the Djinni Hedge Wizard began the quest for the
                  | Orb.
     0 | D:1      | Mesmaeker13 set off with the following spells memorised:
                  | Magic Dart, Slow, Blink, Call Imp, Mephitic Cloud.
     0 | D:1      | Reached XP level 1. HP: 15/15 MP: 0/0
   171 | D:1      | Reached XP level 2. HP: 19/21 MP: 0/0
   265 | D:1      | Found a faded altar of an unknown god.
   398 | D:1      | Reached XP level 3. HP: 24/25 MP: 0/0
   398 | D:1      | Learned a level 1 spell: Foxfire
   679 | D:2      | Found a bloodstained altar of Trog.
  1015 | D:2      | Noticed Sigmund
  1028 | D:2      | Killed Sigmund
  1029 | D:2      | Reached XP level 4. HP: 29/31 MP: 0/0
  1029 | D:2      | Reached XP level 5. HP: 32/35 MP: 0/0
  1029 | D:2      | Learned a level 2 spell: Scorch
  1029 | D:2      | Reached XP level 6. HP: 37/40 MP: 0/0
  1056 | D:2      | Noticed Terence
  1085 | D:2      | Killed Terence
  1086 | D:2      | Reached skill level 4 in Ice Magic
  1676 | D:3      | Noticed a black bear
  1688 | D:3      | Killed a black bear
  1975 | D:3      | Reached XP level 7. HP: 45/45 MP: 0/0
  1975 | D:3      | Learned a level 3 spell: Confusing Touch
  2186 | D:3      | Noticed Robin
  2192 | D:3      | Killed Robin
  2223 | D:3      | Found an ornate altar of the Wu Jian Council.
  2251 | D:3      | Reached skill level 5 in Dodging
  2969 | D:4      | Found a staircase to the Ecumenical Temple.
  2977 | Temple   | Entered the Ecumenical Temple
  3006 | Temple   | Became a worshipper of Ashenzari the Shackled
  3128 | D:5      | Entered Level 5 of the Dungeon
  3159 | D:5      | Reached skill level 1 in Shields
  3195 | D:5      | Reached XP level 8. HP: 50/50 MP: 0/0
  3257 | D:5      | Found a glowing drain.
  3261 | Sewer    | Entered a sewer
  3438 | Sewer    | Noticed Pargi
  3453 | Sewer    | Killed Pargi
  3454 | Sewer    | Reached skill level 5 in Spellcasting
  3454 | Sewer    | Reached skill level 5 in Conjurations
  3454 | Sewer    | Reached skill level 5 in Hexes
  3454 | Sewer    | Reached skill level 5 in Summonings
  3454 | Sewer    | Reached skill level 5 in Necromancy
  3454 | Sewer    | Reached skill level 5 in Translocations
  3454 | Sewer    | Reached skill level 5 in Fire Magic
  3454 | Sewer    | Reached skill level 5 in Ice Magic
  3454 | Sewer    | Reached skill level 5 in Air Magic
  3454 | Sewer    | Reached skill level 5 in Earth Magic
  3454 | Sewer    | Reached skill level 5 in Alchemy
  3662 | D:5      | Found Cann's Magic Scroll Shoppe.
  3666 | D:5      | Bought a scroll of identify for 26 gold pieces
  4591 | D:6      | Reached XP level 9. HP: 53/55 MP: 0/0
  4591 | D:6      | Learned a level 4 spell: Summon Lightning Spire
  5117 | D:6      | Reached skill level 6 in Ice Magic
  5129 | D:6      | Found a burning altar of Makhleb.
  5377 | D:6      | Reached skill level 5 in Shields
  5844 | D:7      | Noticed Dowan
  5845 | D:7      | Noticed Duvessa
  5850 | D:7      | Killed Dowan
  5851 | D:7      | Reached XP level 10. HP: 60/60 MP: 0/0
  5868 | D:7      | Killed Duvessa
  5875 | D:7      | Found a hide-covered altar of Uskayaw.
  6157 | D:7      | Reached skill level 7 in Ice Magic
  6452 | D:7      | Found Hokus's Distillery.
  6520 | D:8      | Noticed Pikel
  6529 | D:8      | Killed Pikel
  6660 | D:8      | Reached skill level 10 in Dodging
  6661 | D:8      | Noticed a rime drake
  6667 | D:8      | Killed a rime drake
  6668 | D:8      | Reached XP level 11. HP: 35/65 MP: 0/0
  6668 | D:8      | Learned a level 5 spell: Curse of Agony
  6726 | D:8      | Found a staircase to the Lair.
  6747 | D:8      | Noticed Joseph
  7205 | D:8      | Killed Joseph
  7206 | D:8      | Reached skill level 8 in Ice Magic
  7479 | D:8      | Found a snail-covered altar of Cheibriados.
  7879 | D:9      | Reached * piety under Ashenzari
  7888 | D:9      | Noticed a two-headed ogre
  7903 | D:9      | Killed a two-headed ogre
  7904 | D:9      | Reached skill level 1 in Armour
  8235 | D:9      | Identified the +0 leather armour of a sewer {rN+ Will++
                  | Regen+ Stlth-}
  8327 | D:9      | Reached skill level 1 in Fighting
  8360 | D:9      | Found a one-way gate to the infinite horrors of the Abyss.
  8361 | D:9      | Found a corrupted altar of Lugonu.
  8670 | D:10     | Entered Level 10 of the Dungeon
  8673 | D:10     | Reached ** piety under Ashenzari
  8855 | D:10     | Noticed a cyclops
  8874 | D:10     | Noticed Josephine
  8880 | D:10     | Killed a cyclops
  8894 | D:10     | Killed Josephine
  8895 | D:10     | Reached XP level 12. HP: 38/79 MP: 0/0
  9010 | D:10     | Found a white marble altar of Elyvilon.
  9070 | D:10     | Noticed a two-headed ogre
  9080 | D:10     | Killed a two-headed ogre
  9081 | D:10     | Reached skill level 9 in Ice Magic
  9095 | D:10     | Found a portal to a secret trove of treasure.
  9149 | D:10     | Found a basalt altar of Yredelemnul.
  9251 | D:10     | Found a shimmering altar of Xom.
  9382 | D:10     | Found a sparkling altar of Nemelex Xobeh.
  9386 | D:10     | Found a hazy altar of Hepliaklqana.
  9697 | Lair:1   | Entered Level 1 of the Lair of Beasts
  9697 | Lair:1   | Noticed Fannar
  9717 | Lair:1   | Killed Fannar
  9718 | Lair:1   | Reached skill level 10 in Shields
  9787 | Lair:1   | Reached skill level 5 in Fighting
  9794 | Lair:1   | Noticed Erica
  9814 | Lair:1   | Killed Erica
  9848 | Lair:1   | Noticed a boulder beetle
  9863 | Lair:1   | Killed a boulder beetle
  9871 | Lair:1   | Found a frozen archway.
  9881 | IceCv    | Entered an ice cave
 11413 | IceCv    | Noticed a reaper
 11432 | IceCv    | Killed a reaper
 11506 | IceCv    | Reached XP level 13. HP: 92/92 MP: 0/0
 11506 | IceCv    | Learned a level 5 spell: Lee's Rapid Deconstruction
 11662 | Lair:1   | Reached skill level 10 in Spellcasting
 11662 | Lair:1   | Reached skill level 10 in Conjurations
 11662 | Lair:1   | Reached skill level 10 in Hexes
 11662 | Lair:1   | Reached skill level 10 in Summonings
 11662 | Lair:1   | Reached skill level 10 in Necromancy
 11662 | Lair:1   | Reached skill level 10 in Translocations
 11662 | Lair:1   | Reached skill level 10 in Fire Magic
 11662 | Lair:1   | Reached skill level 10 in Ice Magic
 11662 | Lair:1   | Reached skill level 10 in Air Magic
 11662 | Lair:1   | Reached skill level 10 in Earth Magic
 11662 | Lair:1   | Reached skill level 10 in Alchemy
 12190 | Lair:1   | Reached *** piety under Ashenzari
 12574 | Lair:2   | Found a hole to the Spider Nest.
 12625 | Lair:2   | Reached skill level 11 in Ice Magic
 12723 | Lair:2   | Found a staircase to the Swamp.
 13110 | Lair:2   | Noticed a four-headed hydra
 13116 | Lair:2   | Noticed an eight-headed hydra
 13123 | Lair:2   | Killed a five-headed hydra
 13155 | Lair:2   | Killed an eight-headed hydra
 13156 | Lair:2   | Noticed a five-headed hydra
 13161 | Lair:2   | Killed a five-headed hydra
 13976 | Lair:3   | Reached XP level 14. HP: 100/103 MP: 0/0
 14020 | Lair:3   | Reached skill level 12 in Ice Magic
 14109 | Lair:3   | Noticed Gastronok
 14129 | Lair:3   | Killed Gastronok
 14160 | Lair:3   | Identified the +3 whip of Disorder {antimagic, *Corrode
                  | rElec rPois}
 14423 | Lair:3   | Noticed Urug
 14436 | Lair:3   | Killed Urug
 14737 | Lair:4   | Reached skill level 10 in Fighting
 14793 | Lair:4   | Found a gate leading to a gauntlet.
 14802 | Gauntlet | Entered a Gauntlet
 14802 | Gauntlet | Found a transporter.
 14802 | Gauntlet | Found a transporter.
 14803 | Gauntlet | Found a transporter.
 14806 | Gauntlet | Found a transporter.
 14806 | Gauntlet | Found a transporter.
 14816 | Gauntlet | Found a transporter.
 14820 | Gauntlet | Found a transporter.
 14830 | Gauntlet | Identified the ring of the Purple Skies {*Slow rPois rC++
                  | Str+6 Dex+3}
 14832 | Gauntlet | Found a transporter.
 14841 | Gauntlet | Found a transporter.
 14859 | Gauntlet | Found a transporter.
 14863 | Gauntlet | Found a transporter.
 14877 | Gauntlet | Found a transporter.
 14877 | Gauntlet | Identified the +0 hat of Evolution {Int+4}
 15228 | Gauntlet | Identified the Folio of the Calescent Mortuary
 15228 | Gauntlet | Noticed a minotaur
 15238 | Gauntlet | Killed a minotaur
 15239 | Gauntlet | Reached skill level 13 in Ice Magic
 15456 | Lair:4   | Found a viscous altar of Jiyva.
 15456 | Lair:4   | Found a staircase to the Slime Pits.
 15511 | Lair:4   | Found a runed translucent gate.
 15511 | Lair:4   | Found a runed translucent gate.
 15511 | Lair:4   | Found a runed translucent gate.
 15516 | Lair:4   | Noticed Wairalebb's ghost (journeyman BaFi)
 15516 | Lair:4   | Noticed Lutiheq's ghost (journeyman DrSh)
 15516 | Lair:4   | Noticed MrCrawl's ghost (journeyman GrEE)
 16325 | Lair:5   | Entered Level 5 of the Lair of Beasts
 16385 | Lair:5   | Reached XP level 15. HP: 97/113 MP: 0/0
 16385 | Lair:5   | Learned a level 6 spell: Plasma Beam
 16526 | Lair:5   | Reached skill level 14 in Ice Magic
 17106 | Lair:5   | Identified the +11 arbalest "Sure Ozu" {elec, rC- rN+++
                  | Dex+9 Stlth-}
 17861 | D:11     | Found Ovukoil's Armour Shop.
 18013 | D:11     | Found Karchilapt's Armour Boutique.
 18090 | D:11     | Found Jicoro's Armour Shop.
 18689 | D:12     | Reached skill level 15 in Shields
 18689 | D:12     | Reached skill level 15 in Ice Magic
 18783 | D:12     | Found a staircase to the Orcish Mines.
 19142 | D:12     | Found Foqeib's Neck Hole.
 19412 | Orc:1    | Entered Level 1 of the Orcish Mines
 19701 | Orc:2    | Entered Level 2 of the Orcish Mines
 19759 | Orc:2    | Reached **** piety under Ashenzari
 19839 | Orc:1    | Reached XP level 16. HP: 98/124 MP: 0/0
 19964 | Orc:2    | Found a transporter.
 19989 | Orc:2    | Noticed LLlMATKO's ghost (journeyman MiBe)
 19989 | Orc:2    | Identified the +0 hat of Gozag's Envy {Stlth+}
 20126 | Orc:2    | Found a transporter.
 20141 | Orc:2    | Found a burning altar of Makhleb.
 20484 | Orc:2    | Found a staircase to the Elven Halls.
 20561 | Orc:2    | Found Cazosim's Jewellery Boutique.
 20656 | Orc:1    | Noticed Erolcha
 20699 | Orc:2    | Found Reppary's Weapon Shop.
 20716 | Orc:2    | Found Ickefofi's Magic Scroll Boutique.
 20775 | Orc:1    | Killed Erolcha
 21268 | D:13     | Found a gate to the Vaults.
 21273 | D:13     | Noticed a fire giant
 21282 | D:13     | Killed a fire giant
 22177 | D:14     | Reached skill level 5 in Armour
 22179 | D:14     | Reached skill level 16 in Ice Magic
 23010 | D:15     | Entered Level 15 of the Dungeon
 23274 | D:15     | Found a broken altar of Ashenzari.
 23497 | D:15     | Reached skill level 5 in Stealth
 23497 | D:15     | Reached XP level 17. HP: 131/131 MP: 0/0
 23497 | D:15     | Learned a level 7 spell: Summon Hydra
 23528 | D:15     | Found a staircase to the Depths.
 23757 | Orc:2    | Bought a scroll of enchant armour for 112 gold pieces
 23992 | Swamp:1  | Entered Level 1 of the Swamp
 24140 | Swamp:1  | Found a runed translucent gate.
 24141 | Swamp:1  | Found a runed translucent gate.
 24142 | Swamp:1  | Found a runed translucent gate.
 24142 | Swamp:1  | Noticed a tentacled monstrosity
 24145 | Swamp:1  | Noticed diceflayer's ghost (journeyman MiFi)
 24179 | Swamp:1  | Found an iron altar of Okawaru.
 24467 | Swamp:1  | Found a runed translucent door.
 24974 | Swamp:1  | Reached skill level 17 in Ice Magic
 25043 | Swamp:1  | Identified the +6 rapier of Accidental Termination {heavy,
                  | rF+ rCorr}
 25108 | Swamp:1  | Paralysed by an apocalypse crab for 1 turns
 25285 | Swamp:2  | Found the +6 Majin-Bo {spellvamp, MP+6 Int+6}
 26696 | Swamp:4  | Entered Level 4 of the Swamp
 26770 | Swamp:4  | Reached XP level 18. HP: 110/134 MP: 0/0
 27078 | Swamp:4  | Reached skill level 18 in Ice Magic
 27298 | Swamp:4  | Reached skill level 10 in Armour
 27730 | Swamp:4  | Reached skill level 15 in Spellcasting
 27730 | Swamp:4  | Reached skill level 15 in Conjurations
 27730 | Swamp:4  | Reached skill level 15 in Hexes
 27730 | Swamp:4  | Reached skill level 15 in Summonings
 27730 | Swamp:4  | Reached skill level 15 in Necromancy
 27730 | Swamp:4  | Reached skill level 15 in Translocations
 27730 | Swamp:4  | Reached skill level 15 in Fire Magic
 27730 | Swamp:4  | Reached skill level 15 in Air Magic
 27730 | Swamp:4  | Reached skill level 15 in Earth Magic
 27730 | Swamp:4  | Reached skill level 15 in Alchemy
 27745 | Swamp:4  | Got a decaying rune of Zot
 28039 | Spider:1 | Entered Level 1 of the Spider Nest
 28252 | Spider:1 | Identified the +3 quarterstaff of the Toadstool {antimagic,
                  | rElec}
 29394 | Spider:2 | Reached skill level 19 in Ice Magic
 29418 | Spider:2 | Noticed Donald
 29422 | Spider:2 | Killed Donald
 29479 | Spider:2 | Reached XP level 19. HP: 143/143 MP: 0/0
 29479 | Spider:2 | Learned a level 6 spell: Eringya's Noxious Bog
 29656 | Spider:2 | Reached skill level 10 in Stealth
 29978 | Spider:3 | Noticed Arachne
 29985 | Spider:3 | Noticed Louise
 29988 | Spider:3 | Killed Louise
 29994 | Spider:3 | Killed Arachne
 30306 | D:10     | You paid a toll of a +6 demon trident to enter a treasure
                  | trove
 30307 | Trove    | Entered a treasure trove
 30310 | Trove    | Identified the ring "Hoexke" {rElec Str+3 Dex+6}
 30310 | Trove    | Identified the ring of Xeps {Fire rPois Will+ SInv}
 30310 | Trove    | Identified the ring "Qoemita" {rPois rC+ Will+ Str+2 Int+4}
 30312 | Trove    | Identified the ring "Jecan" {rC+ Slay+2}
 30747 | Spider:3 | Noticed Asterion
 30753 | Spider:3 | Killed Asterion
 31487 | Spider:4 | Entered Level 4 of the Spider Nest
 32387 | Spider:4 | Reached skill level 20 in Ice Magic
 32517 | Spider:4 | Got a gossamer rune of Zot
 32935 | Elf:1    | Entered Level 1 of the Elven Halls
 33205 | Elf:1    | Reached XP level 20. HP: 149/149 MP: 0/0
 34656 | Elf:2    | Found a runed translucent gate.
 34658 | Elf:2    | Found a runed translucent gate.
 34658 | Elf:2    | Found a runed translucent gate.
 35732 | Elf:3    | Entered Level 3 of the Elven Halls
 35732 | Elf:3    | Found Kiho's Antique Armour Emporium.
 35787 | Elf:3    | Identified the +7 war axe of Disgust {heavy, Will++}
 36030 | Elf:3    | Identified the Directory of Heat
 36339 | Elf:3    | Identified the ring of the Death Scarab {rC+ MP+9 Str+4
                  | Int+4}
 36342 | Elf:3    | Reached skill level 21 in Ice Magic
 36448 | Elf:3    | Reached XP level 21. HP: 127/155 MP: 0/0
 36448 | Elf:3    | Learned a level 7 spell: Malign Gateway
 36469 | Elf:3    | Identified the staff "Ajuga" {rF+ Str+2 Fire}
 36658 | Elf:3    | Identified the ring of Kasuhot {rC+ Dex-4 Slay+5}
 36778 | Elf:3    | Identified the +0 scale mail of Hethymit {Int+3 Stlth+}
 37060 | Elf:3    | Identified the +3 rapier of the Evil Eye {drain, +Blink
                  | rPois Str-4 Int+2}
 37109 | Elf:3    | Identified the staff of Xunirop {rElec rPois Dex-4 Hexes
                  | Air}
 37465 | Orc:2    | Killed LLlMATKO's ghost
 37609 | Depths:1 | Entered Level 1 of the Depths
 37610 | Depths:1 | Noticed Mara
 37622 | Depths:1 | Noticed Mesmaeker13's illusion
 37700 | Vaults:1 | Entered Level 1 of the Vaults
 37729 | D:13     | Reached skill level 15 in Armour
 38118 | Vaults:1 | Found a magical portal.
 38128 | WizLab   | Entered Iskenderun's Mystic Tower
 38600 | WizLab   | Identified Iskenderun's Octavo of Injury
 38600 | WizLab   | Identified Iskenderun's Dissertation on Battling
 38645 | WizLab   | Reached skill level 22 in Ice Magic
 38915 | Vaults:1 | Identified a scroll of acquirement
 39087 | Vaults:1 | Acquired 1056 gold pieces
 39263 | Vaults:1 | Reached XP level 22. HP: 113/161 MP: 0/0
 39749 | Vaults:1 | Noticed a golden dragon
 39752 | Vaults:1 | Killed a golden dragon
 40268 | Depths:1 | Killed Mara
 40420 | Depths:1 | Reached skill level 15 in Stealth
 40874 | Depths:1 | Identified the +1 leather armour of Tanud {rN+}
 40970 | Depths:1 | Found a gateway to Hell.
 41195 | Depths:2 | Reached skill level 23 in Ice Magic
 41380 | Depths:2 | Found a one-way gate leading to the halls of Pandemonium.
 41405 | Depths:2 | Found a large runed translucent door.
 41405 | Depths:2 | Found a large runed translucent door.
 42323 | Depths:2 | Found Miuxzaf's Distillery.
 42533 | Depths:2 | Reached XP level 23. HP: 138/167 MP: 0/0
 42533 | Depths:2 | Learned a level 7 spell: Spellforged Servitor
 42996 | Depths:2 | Identified the +2 lajatang of Ibufyax {flame, rPois Will-
                  | Int+3}
 43003 | Depths:2 | Noticed a royal mummy
 43035 | Depths:2 | Killed a royal mummy
 43565 | Depths:3 | Noticed Boris
 43575 | Depths:3 | Killed Boris
 43849 | Depths:3 | Reached skill level 24 in Ice Magic
 44243 | Depths:3 | Noticed a caustic shrike
 44247 | Depths:3 | Killed a caustic shrike
 44327 | Depths:3 | Reached skill level 15 in Fighting
 44608 | Depths:3 | Reached XP level 24. HP: 167/177 MP: 0/0
 44676 | Depths:4 | Entered Level 4 of the Depths
 44687 | Depths:3 | HP: 4/179 [deep troll (6)]
 44933 | Depths:4 | Noticed Sojobo
 45006 | Depths:4 | Killed Sojobo
 45311 | Depths:4 | Noticed a golden dragon
 45326 | Depths:4 | Killed a golden dragon
 45657 | Depths:4 | Noticed a caustic shrike
 45657 | Depths:4 | Noticed a caustic shrike
 45663 | Depths:4 | Noticed a caustic shrike
 45664 | Depths:4 | Noticed a caustic shrike
 45676 | Depths:4 | a caustic shrike changed into a quicksilver dragon
 45680 | Depths:4 | Killed a caustic shrike
 45682 | Depths:4 | Killed a caustic shrike
 45683 | Depths:4 | Killed a caustic shrike
 45769 | Depths:4 | Found a shimmering altar of Xom.
 45829 | Depths:4 | Identified the +2 ring mail of the Ladybird {Dex+4}
 45846 | Depths:4 | Reached skill level 25 in Ice Magic
 45879 | Depths:4 | Found a one-way gateway to a ziggurat.
 45951 | Depths:4 | Noticed a golden dragon
 45961 | Depths:4 | Killed a golden dragon
 45964 | Depths:4 | Found a gate to the Realm of Zot.
 46597 | Vaults:2 | Reached XP level 25. HP: 167/191 MP: 0/0
 46597 | Vaults:2 | Learned a level 8 spell: Maxwell's Capacitive Coupling
 47367 | Vaults:2 | Found Ysaraj's Assorted Antiques.
 47374 | Vaults:2 | Bought a scroll of teleportation for 108 gold pieces
 47402 | Vaults:2 | Found a staircase to the Crypt.
 48291 | Vaults:3 | Found Yluck's Distillery.
 48712 | Vaults:4 | Identified the orb of the Armadillo {*channel, Regen+ rCorr
                  | Tloc Alchemy}
 48712 | Vaults:4 | Noticed Frederick
 48719 | Vaults:4 | Killed Frederick
 48749 | Vaults:4 | Noticed Jory
 48752 | Vaults:4 | Killed Jory
 48753 | Vaults:4 | Reached skill level 26 in Ice Magic
 48825 | Vaults:4 | Found a runed translucent gate.
 48826 | Vaults:4 | Found a runed translucent gate.
 48826 | Vaults:4 | Found a runed translucent gate.
 49005 | Vaults:4 | Noticed Margery
 49031 | Vaults:4 | Killed Margery
 49499 | Vaults:4 | Found a transporter.
 49499 | Vaults:4 | Found Tydi's Weapon Boutique.
 49501 | Vaults:4 | Found a transporter.
 49661 | Vaults:4 | Found Quvel's Magic Scroll Boutique.
 49672 | Vaults:4 | Bought 2 scrolls of teleportation for 120 gold pieces
 49672 | Vaults:4 | Bought a scroll of teleportation for 60 gold pieces
 49857 | Vaults:4 | Found Woskus's Magic Scroll Shoppe.
 50036 | Vaults:4 | Reached XP level 26. HP: 188/200 MP: 0/0
 50050 | Vaults:4 | Found a runed translucent gate.
 50050 | Vaults:4 | Found a runed translucent gate.
 50056 | Vaults:4 | Found a runed translucent gate.
 50057 | Vaults:4 | Noticed royokou's ghost (veteran MiFi)
 50061 | Vaults:4 | Identified the +1 hat of Light {Int+3}
 50158 | Vaults:4 | Killed royokou's ghost
 50223 | Vaults:4 | Gained mutation: You sometimes lose your temper in combat.
                  | [mutagenic glow]
 50232 | Vaults:4 | Lost mutation: You sometimes lose your temper in combat.
                  | [potion of mutation]
 50232 | Vaults:4 | Gained mutation: You are frail. (-10% HP) [potion of
                  | mutation]
 50233 | Vaults:4 | Lost mutation: You are frail. (-10% HP) [potion of
                  | mutation]
 50233 | Vaults:4 | Gained mutation: You are partially covered in iridescent
                  | scales. (AC +2) [potion of mutation]
 50233 | Vaults:4 | Gained mutation: Your muscles are strong. (Str +4, Int/Dex
                  | -1) [potion of mutation]
 50234 | Vaults:4 | Gained mutation: You are occasionally teleported next to
                  | monsters. [mutagenic glow]
 50244 | Vaults:4 | Gained mutation: You have sharp fingernails. [mutagenic
                  | glow]
 50249 | Vaults:4 | Acquired 719 gold pieces
 50253 | Vaults:4 | Gained mutation: You have hidden genetic potential.
                  | [mutagenic glow]
 51088 | Vaults:5 | Entered Level 5 of the Vaults
 51105 | Vaults:5 | Noticed a dread lich
 51318 | Vaults:5 | Identified the +1 scale mail "Xautza" {Fly rF++ rCorr
                  | Slay+3}
 51489 | Vaults:5 | Reached skill level 27 in Ice Magic
 51640 | Vaults:5 | Identified the Codex of Conflagrant Spectres
 51641 | Vaults:5 | Found Plog's Antique Armour Boutique.
 51652 | Vaults:5 | Bought a distressingly furry scale mail for 288 gold pieces
 51652 | Vaults:5 | Identified the +3 scale mail of the Fabulous Kraken {rElec
                  | rF+ MP-9 Int+2} (You bought it in a shop on level 5 of the
                  | Vaults)
 51709 | Vaults:5 | Identified the +7 short sword "Nuox" {speed, rElec Str-3
                  | SInv}
 51750 | Vaults:5 | Noticed an ancient lich
 51752 | Vaults:5 | Killed an ancient lich
 51801 | Vaults:5 | Identified the ring of Hiuwagh {rElec rC- rCorr MP+9 Dex+6}
 51835 | Vaults:5 | Killed a dread lich
 51893 | Vaults:5 | Identified the staff of the Iron City of Dis {*Corrode rC+
                  | Int+9 Hexes Ice}
 51941 | Vaults:5 | Identified the staff of Guile {rC+ rN++ Ice Air}
 52089 | Vaults:5 | Identified the staff "Tuphue" {rPois rN+ rCorr Dex+3 Necro}
 52106 | Vaults:5 | Reached XP level 27. HP: 199/205 MP: 0/0
 52106 | Vaults:5 | Learned a level 9 spell: Death's Door
 52121 | Vaults:5 | Got a silver rune of Zot
 52247 | Vaults:5 | Identified the +0 leather armour "Dyhis" {Rampage rPois
                  | Int-4}
 52913 | Orc:2    | Bought a ring of resist corrosion for 340 gold pieces
 53177 | Slime:1  | Entered Level 1 of the Pits of Slime
 53215 | Slime:1  | Reached skill level 15 in Dodging
 53217 | Slime:1  | Gained mutation: You have a somewhat thin skeletal
                  | structure. (Dex +2, Stealth+) [hidden potential]
 53296 | Slime:1  | Found a viscous altar of Jiyva.
 54273 | Slime:5  | Entered Level 5 of the Pits of Slime
 54273 | Slime:5  | Found the +8 mithril axe "Arga" {speed, Will+}
 54445 | Slime:5  | Identified the +6 spear "Enie" {pain, rF+ Str+3 Dex-2}
 54450 | Slime:5  | Noticed the Royal Jelly
 54837 | Slime:5  | Identified the Omnibus of Pyromania and the Discharge
 54838 | Slime:5  | Identified the ring of Lugonu's Castigation {Fly rElec rC-
                  | rCorr EV+5}
 54840 | Slime:5  | Identified the ring "Nizu" {Fly rF+}
 54880 | Slime:5  | Identified the +0 plate armour of Amorality {-Cast +Blink
                  | Str+4 Dex+3}
 54881 | Slime:5  | Identified the +1 hat "Ketisi Rutu" {Slay+6}
 54881 | Slime:5  | Identified the ring of Uskayaw's Outrage {rPois Str-3
                  | Int+6}
 54883 | Slime:5  | Identified the +5 scale mail "Extos" {rPois}
 54892 | Slime:5  | Killed the Royal Jelly
 55177 | Slime:5  | Got a slimy rune of Zot
 55333 | Slime:5  | Identified the +3 broad axe "Eviscerator" {drain, rElec
                  | Str+3 Stlth+}
 55335 | Slime:5  | Identified the +4 trident "Atemodd" {freeze, rElec Int+3
                  | Stlth+}
 55754 | Lair:4   | Killed Wairalebb's ghost
 55759 | Lair:4   | Killed MrCrawl's ghost
 55760 | Lair:4   | Killed Lutiheq's ghost
 56232 | Zot:1    | Entered Level 1 of the Realm of Zot
 57148 | Zot:1    | Gained mutation: You passively map a small area around you.
                  | [hidden potential]
 57148 | Zot:1    | Lost mutation: You have hidden genetic potential. [hidden
                  | potential expressed]
 57328 | Zot:1    | Found a transporter.
 57329 | Zot:1    | Noticed phunky83's ghost (veteran MiBe)
 57344 | Zot:1    | Found a transporter.
 58221 | Zot:3    | Identified the +0 robe of the Hammering Gods {rN+}
 58231 | Zot:3    | Identified the ring "Wutis" {MP+9 Int+4}
 58234 | Zot:3    | Noticed Endy73's ghost (veteran TrSh)
 58239 | Zot:3    | Found a runed translucent gate.
 58239 | Zot:3    | Found a runed translucent gate.
 58239 | Zot:3    | Found a runed translucent gate.
 58278 | Zot:3    | Noticed a Killer Klown
 58278 | Zot:3    | Noticed a Killer Klown
 58279 | Zot:3    | Noticed a Killer Klown
 58561 | Zot:3    | Lost mutation: You have a somewhat thin skeletal structure.
                  | (Dex +2, Stealth+) [potion of mutation]
 58561 | Zot:3    | Lost mutation: You are partially covered in iridescent
                  | scales. (AC +2) [potion of mutation]
 58561 | Zot:3    | Gained mutation: Your skin changes colour to match your
                  | surroundings (Stealth+). [potion of mutation]
 58562 | Zot:3    | Lost mutation: You passively map a small area around you.
                  | [potion of mutation]
 58562 | Zot:3    | Lost mutation: You are occasionally teleported next to
                  | monsters. [potion of mutation]
 58562 | Zot:3    | Lost mutation: You have sharp fingernails. [potion of
                  | mutation]
 58562 | Zot:3    | Gained mutation: You possess an exceptional clarity of
                  | mind. [potion of mutation]
 58562 | Zot:3    | Gained mutation: You have sharp fingernails. [potion of
                  | mutation]
 58690 | Zot:3    | Reached ***** piety under Ashenzari
 58825 | Zot:3    | Killed a Killer Klown
 58847 | Zot:3    | Killed a Killer Klown
 59029 | Zot:3    | Killed a Killer Klown
 59033 | Zot:3    | Noticed a Killer Klown
 59041 | Zot:3    | Killed a Killer Klown
 59336 | Zot:3    | Noticed a Killer Klown
 59350 | Zot:3    | Killed a Killer Klown
 60280 | Zot:4    | Noticed a Killer Klown
 60287 | Zot:4    | Killed a Killer Klown
 60501 | Zot:5    | Entered Level 5 of the Realm of Zot
 61224 | Zot:5    | Noticed an ancient lich
 61237 | Zot:5    | Noticed an ancient lich
 61238 | Zot:5    | Killed an ancient lich
 61252 | Zot:5    | Killed an ancient lich
 61451 | Zot:5    | Noticed a Killer Klown
 61493 | Zot:5    | Killed a Killer Klown
 61837 | Zot:5    | Noticed a Killer Klown
 61837 | Zot:5    | Noticed an orb of fire
 61837 | Zot:5    | Noticed a dread lich
 61853 | Zot:5    | Killed a dread lich
 61866 | Zot:5    | Killed a Killer Klown
 61958 | Zot:5    | Noticed a Killer Klown
 61971 | Zot:5    | Noticed a Killer Klown
 61977 | Zot:5    | Killed a Killer Klown
 62090 | Zot:5    | Killed an orb of fire
 62121 | Zot:5    | Killed a Killer Klown
 62165 | Zot:5    | Noticed an orb of fire
 62165 | Zot:5    | Noticed a Killer Klown
 62166 | Zot:5    | Noticed an ancient lich
 62363 | Zot:5    | Killed an orb of fire
 62380 | Zot:5    | Killed an ancient lich
 62593 | Zot:5    | Noticed a dread lich
 62606 | Zot:5    | Killed a dread lich
 62849 | Zot:5    | Noticed a Killer Klown
 62859 | Zot:5    | Killed a Killer Klown
 62861 | Zot:5    | Noticed a Killer Klown
 62865 | Zot:5    | Killed a Killer Klown
 62867 | Zot:5    | Killed a Killer Klown
 63230 | Zot:5    | Got the Orb of Zot
 63428 | Depths:4 | Gained mutation: You have very sharp fingernails. [a
                  | cacodemon]
 63600 | D:14     | Noticed Pymotaah the pandemonium lord
 63969 | D:$      | Escaped with the Orb!

Illustrated notes

Levels and vault maps discovered:
D:1:      dpeg_arrival_shrine, layout_rooms,
          hellmonk_ecumenical_altar_leap_of_faith
D:2:      layout_loops_corners, basic_altar, serial_glass, glass_columns_b,
          glass_columns_b, glass_columns_a, glass_columns_b, glass_columns_a,
          glass_columns_c, uniq_terence, uniq_sigmund
D:3:      layout_basic, nzn_wu_jian_contemplation, uniq_robin
D:4:      layout_rooms, minmay_temple_entry_glassed_door,
          hangedman_decor_growths
D:5:      layout_loops_corners, mainiacjoe_overflow_six_doors_small,
          serial_shops, shop, gup_sewer_entry_bowl, minmay_door_square
D:6:      layout_loops_corners, makhleb_heckhound_becter,
          minmay_misc_feat_hallway, minivault_14, kennysheep_generic_room_10
D:7:      layout_basic, overflow_temple_1_default, serial_shops, shop,
          uniq_duvessa
D:8:      layout_gridville, mainiacjoe_overflow_tiny_flanked,
          hellmonk_lair_entry_icy, kennysheep_generic_room_6, uniq_joseph,
          uniq_pikel
D:9:      layout_loops_cross, nicolae_benzene_ring, nicolae_lava_and_water,
          abandoned_shop, amcnicky_altar_lugonu_corruption
D:10:     layout_roguey, kennysheep_ying_yang, nicolae_overflow_hidden_temple,
          enter_trove_0, uniq_josephine
D:11:     layout_long_grid, serial_shops, nicolae_stop_n_shop_2, shop,
          nicolae_shop_tiny_waterfront
D:12:     layout_gridville, david_orc_3, nicolae_shop_sticking_my_neck_out
D:13:     layout_loops_corners, hellmonk_vaults_attempted_burglary
D:14:     layout_basic
D:15:     hellmonk_depths_entry_around_the_bend, layout_basic,
          nicolae_ashenzari_skybound
Temple:   grunt_temple_mini_profane
Lair:1:   layout_cave_pods, portal_ice_cave_entry_pillars_2, uniq_fannar,
          uniq_erica
Lair:2:   layout_loops_ring, swamp_mist, nicolae_spider_entry_non_spiders,
          st_stairs_9, nicolae_quartered_pool_impasse,
          eino_small_chamber_without_monster, nzn_random_ring
Lair:3:   layout_chaotic_city, uniq_urug, uniq_gastronok
Lair:4:   layout_regular_city, nicolae_slime_entry_field_trip,
          gauntlet_entry_generic, gammafunk_ghost_cemetery
Lair:5:   gammafunk_lair_ancient_temple, layout_regular_city,
          serial_bayou_shore_a, lemuel_fruit_tree
Swamp:1:  gammafunk_mikee_crab_dinner, layout_basic_swamp,
          gammafunk_ghost_split, evilmike_swamp_ruin_house_5, swamp_pool_1_2,
          lemuel_altar_in_water
Swamp:2:  layout_basic_swamp, evilmike_swamp_ruin_house_3,
          nicolae_swamp_decorative_isthmus, infiniplex_staircase_pool
Swamp:3:  layout_falls_marsh, hangedman_swamp_cone
Swamp:4:  swamp_basic_johnstein, layout_basic_swamp
Spider:1: layout_spider_delve
Spider:2: layout_spider_delve, uniq_donald
Spider:3: layout_spider_delve, spiders_nest_ghost_moth_duel,
          hangedman_spider_tarantella_strand, uniq_asterion, uniq_louise,
          uniq_arachne
Spider:4: grunt_spider_rune_parallel, special_room [special_room_bee]
Slime:1:  layout_caves, basic_altar
Slime:2:  layout_caves
Slime:3:  layout_caves, nicolae_slime_barrier,
          cheibrodos_slime_lost_civilization_4
Slime:4:  layout_caves
Slime:5:  slime_pit_nicolae_inversion
Orc:1:    layout_diamond_mine, uniq_erolcha
Orc:2:    st_orc_town, layout_caves, gammafunk_ghost_berserking_beasts,
          basic_altar
Elf:1:    eino_elf_arrival_shootout, layout_geoelf_diagonals,
          hangedman_elf_disciples
Elf:2:    elven_hall_of_blades_hangedman_original
          [nicolae_blade_entry_area_security], layout_loops_ring,
          nicolae_elf_martial_mastery
Elf:3:    minmay_elf_hall_furrowed, layout_geoelf_octagon, serial_shops,
          nicolae_shop_stone, hangedman_elven_ridges
Vaults:1: infiniplex_enter_wizlab_glasses, v_misc_28, vaults_standard_mumra_x,
          nicolae_vaults_network_periphery, nicolae_vaults_more_shelving_2,
          nicolae_vaults_inception_scallops, dpeg_vaults_waves,
          nicolae_vaults_windows_and_doors_thing, grunt_vaults_twisty,
          vaults_room_large_hall, nicolae_vaults_oval_intersection,
          nicolae_vaults_double_plus_1, vaults_room_stairs_pillars,
          layout_vaults_omnibox
Vaults:2: nicolae_vaults_storage_closets_1, vaults_room_large_hall,
          nicolae_vaults_tetromino_Z_2, vaults_room_semicircle,
          hangedman_vaults_stitches, v_misc_8,
          minmay_crypt_entry_simple_corners, nicolae_vaults_gold_heap,
          nicolae_vaults_mini_display_case, ontoclasm_vaults_eye, v_pattern_3,
          vaults_room_door_hall, vaults_room_pool, vaults_room_stairs_pillars,
          layout_vaults_maze_snakey, serial_shops,
          nicolae_shop_tiny_statue_garden
Vaults:3: hangedman_vaults_river_flow, nicolae_vaults_shrinking_rooms_1,
          nicolae_vaults_specimen_jars, v_misc_1, nicolae_vaults_tetromino_Z_1,
          ontoclasm_vaults_hangar, dpeg_vaults_hating_casters,
          nicolae_vaults_alarming, ontoclasm_vaults_chip,
          layout_vaults_omnigrid, serial_shops, nicolae_square_shop
Vaults:4: ploomutoo_gammafunk_ghost_potion_laboratory,
          nicolae_vaults_security_offices_1,
          nicolae_vaults_trapezoid_lopsided_1,
          nicolae_vaults_network_quinsquares
          [nicolae_vaults_network_quincunx_subvault,
          nicolae_vaults_network_quincunx_subvault,
          nicolae_vaults_network_quincunx_subvault,
          nicolae_vaults_network_quincunx_subvault], v_misc_24, v_rooms_5,
          nicolae_vaults_little_squares_3, nicolae_vaults_little_squares_4,
          grunt_vaults_swirl, nicolae_vaults_asterisk,
          hangedman_vaults_capsules, nicolae_vaults_tetromino_T_1,
          nicolae_vaults_trapezoid_1, nicolae_vaults_house_1,
          nicolae_vaults_double_plus_1, layout_vaults_omnicross, serial_shops,
          shop, nicolae_shop_rolled_up, nicolae_shop_drivethru, uniq_jory,
          uniq_frederick, uniq_margery
Vaults:5
Depths:1: layout_gridlike, serial_corexii_hall, corexii_hall_statues_x,
          corexii_hall_statues_l, corexii_hall_statues_t,
          chequers_hall_statues_corner_a, pf_hell_entry_great_geh,
          chequers_serial_rivers_small_3, abyss_entry, uniq_mara
Depths:2: lightli_eight_chambers, layout_basic, hell_entry, serial_shops,
          nicolae_shop_real_fake_doors, pan_entry, minmay_room_of_horrors
Depths:3: minmay_octo_star, layout_gridlike, hell_entry,
          nicolae_abyss_entry_one_way_or_another, pan_entry,
          infiniplex_staircase_diamond, uniq_boris
Depths:4: grunt_zot_entry_gee_three, layout_small_grid, enter_ziggurat_e,
          grunt_hell_entry_dis_mu, xom_teletrap_fun, grunt_megastairs_5,
          serial_bayou_shore_b, uniq_sojobo
Zot:1:    layout_basic, hangedman_zot_diagonal_lockstep, gammafunk_ghost_arena,
          grunt_ministairs_1
Zot:2:    layout_misc_corridors
Zot:3:    circus_mu, layout_cathedral_of_symmetry, gammafunk_ghost_split
Zot:4:    layout_gridlike
Zot:5:    layout_gridlike

Skill      XL: |  1  2  3  4  5  6  7  8  9 10 11 12 13 14 15 16 17 18 19 20 21 22 23 24 25 26 27 |
---------------+----------------------------------------------------------------------------------+-----
Stealth        | 2 3 4 5 7 9 11 13 14 15 16 17 18 19 22 | 22.8
Dodging        | 4 5 6 8 10 12 14 20 | 20.4
Spellcasting   | 4 5 6 7 8 9 11 12 13 14 15 16 17 18 19 20 21 23 | 23.4
Conjurations   | 4 5 6 7 8 9 11 12 13 14 15 16 17 18 19 20 21 23 | 23.4
Hexes          | 4 5 6 7 8 9 11 12 13 14 15 16 17 18 19 20 21 23 | 23.4
Summonings     | 4 5 6 7 8 9 11 12 13 14 15 16 17 18 19 20 21 23 | 23.4
Necromancy     | 4 5 6 7 8 9 11 12 13 14 15 16 17 18 19 20 21 23 | 23.4
Translocations | 4 5 6 7 8 9 11 12 13 14 15 16 17 18 19 20 21 23 | 23.4
Fire Magic     | 4 5 6 7 8 9 11 12 13 14 15 16 17 18 19 20 21 23 | 23.4
Ice Magic      | 4 5 6 7 8 9 11 13 15 16 17 19 20 21 22 23 24 25 26 27 | 27.0
Air Magic      | 4 5 6 7 8 9 11 12 13 14 15 16 17 18 19 20 21 23 | 23.4
Earth Magic    | 4 5 6 7 8 9 11 12 13 14 15 16 17 18 19 20 21 23 | 23.4
Alchemy        | 4 5 6 7 8 9 11 12 13 14 15 16 17 18 19 20 21 23 | 23.4
Shields        | 1 3 5 7 9 11 12 13 15 | 15.0
Armour         | 1 2 6 9 11 13 14 15 17 | 17.9
Fighting       | 3 6 9 11 12 13 15 17 18 | 18.5

Action                     |  1- 3 |  4- 6 |  7- 9 | 10-12 | 13-15 | 16-18 | 19-21 | 22-24 | 25-27 || total
---------------------------+-------+-------+-------+-------+-------+-------+-------+-------+-------++-------
  Melee: Mace              |       |     3 |   143 |   127 |       |       |       |       |       ||   273
         Scimitar          |       |       |       |    72 |    28 |       |       |       |       ||   100
         Demon blade       |       |       |       |       |   307 |       |       |       |       ||   307
         Double sword      |       |       |       |       |    56 |   151 |       |       |       ||   207
         Rapier            |       |       |       |       |       |   123 |   215 |    37 |       ||   375
         Demon trident     |       |       |       |       |       |    10 |       |       |       ||    10
         Bo                |       |       |       |       |       |     2 |       |       |       ||     2
         Staff             |       |       |       |       |       |       |       |    88 |   273 ||   361
  Throw: Dart              |       |       |       |     1 |       |       |       |       |       ||     1
         Throwing net      |       |       |       |     1 |       |       |       |       |       ||     1
   Cast: Magic Dart        |    67 |    25 |   127 |    21 |    15 |    26 |     7 |       |     3 ||   291
         Foxfire           |     5 |    19 |    38 |    28 |     6 |       |     2 |       |       ||    98
         Mephitic Cloud    |       |     6 |    22 |    32 |    80 |    41 |    42 |     7 |       ||   230
         Confusing Touch   |       |       |     1 |     2 |       |     1 |       |       |       ||     4
         Summon Lightning  |       |       |     4 |    96 |   123 |   173 |   119 |    30 |    40 ||   585
         Blink             |       |       |     1 |     2 |     2 |     1 |       |     2 |    11 ||    19
         Scorch            |       |       |     1 |     3 |       |       |       |       |       ||     4
         Call Imp          |       |       |       |     3 |     2 |       |     4 |       |       ||     9
         Slow              |       |       |       |     1 |     1 |     2 |       |       |       ||     4
         Lee's Rapid Decon |       |       |       |       |    18 |       |    39 |     1 |     1 ||    59
         Plasma Beam       |       |       |       |       |     9 |   163 |   243 |   265 |   577 ||  1257
         Summon Hydra      |       |       |       |       |       |     2 |    23 |    12 |   119 ||   156
         Eringya's Noxious |       |       |       |       |       |       |     5 |     1 |     4 ||    10
         Malign Gateway    |       |       |       |       |       |       |     9 |    41 |    84 ||   134
         Spellforged Servi |       |       |       |       |       |       |       |     2 |     1 ||     3
         Maxwell's Capacit |       |       |       |       |       |       |       |       |     1 ||     1
 Invoke: Curse Item        |       |       |     1 |     2 |     3 |     1 |       |     2 |     2 ||    11
         Shatter the Chain |       |       |       |       |       |     2 |     1 |       |     2 ||     5
  Evoke: Wand              |       |       |       |     2 |     3 |     2 |     3 |       |    13 ||    23
         Lightning rod     |       |       |       |       |     7 |       |       |       |       ||     7
         Phial of floods   |       |       |       |       |     1 |       |       |       |       ||     1
    Use: Scroll            |       |     4 |     2 |     5 |     3 |     7 |     9 |     1 |    17 ||    48
         Potion            |       |       |       |     5 |       |     1 |     9 |     7 |    34 ||    56
   Stab: Confused          |       |       |    13 |     4 |    17 |     6 |    10 |     1 |       ||    51
         Distracted        |       |       |       |     2 |    13 |     7 |     8 |     6 |    15 ||    51
         Held in net/web   |       |       |       |     1 |       |       |       |       |       ||     1
         Sleeping          |       |       |       |     2 |     1 |     2 |     1 |       |       ||     6
         Invisible         |       |       |       |       |       |       |       |       |     1 ||     1
         Petrifying        |       |       |       |       |       |       |       |       |     1 ||     1
 Armour: Robe              |     3 |    15 |    57 |    62 |   144 |    56 |       |       |       ||   337
         Steam dragon scal |       |       |    22 |    53 |       |       |       |       |       ||    75
         Leather armour    |       |       |       |       |       |   151 |   306 |   226 |   471 ||  1154
         Quicksilver drago |       |       |       |       |       |       |       |       |    98 ||    98
  Dodge: Dodged            |     1 |    12 |   107 |   177 |   350 |   287 |   310 |   167 |   536 ||  1947
  Block: Buckler           |       |       |    13 |    23 |       |       |       |       |       ||    36
         Kite shield       |       |       |       |   129 |   332 |   353 |   416 |   246 |   587 ||  2063
